 Dungeon Crawl Stone Soup version 0.24-a0-415-g6d73c25c48 (webtiles) character file.

Game seed: 12024239971219305723

82 IntelligentOne the Firebug (level 4, -4/24 HPs)
             Began as a Deep Elf Fire Elementalist on June 8, 2019.
             Slain by an orc
             ... wielding a +0 flail
              (10 damage)
             ... on level 3 of the Dungeon.
             The game lasted 00:24:16 (2510 turns).

IntelligentOne the Firebug (DEFE)                   Turns: 2510, Time: 00:24:17

Health: -4/24      AC:  3    Str:  4 (5)  XL:     4   Next: 21%
Magic:  9/11       EV: 13    Int: 19 (21) God:
Gold:   177        SH:  0    Dex: 12 (15) Spells: 7/10 levels left

rFire    . . .     SeeInvis +   f - +0 dagger
rCold    . . .     Gourm    .   (no shield)
rNeg     + . .     Faith    .   a - +1 robe
rPois    +         Spirit   .   (no helmet)
rElec    .         Reflect  .   (no cloak)
rCorr    .         Harm     .   (no gloves)
MR       .....     Clarity  +   (no boots)
Stlth    ++........             (no amulet)
HPRegen  0.08/turn              g - ring of see invisible
MPRegen  0.12/turn              e - ring of positive energy

@: no status effects
A: clarity, poison resistance, wild magic 1
a: no special abilities


You were on level 3 of the Dungeon.
You were not hungry.

You visited 1 branch of the dungeon, and saw 4 of its levels.

You collected 177 gold pieces.

Inventory:

Hand Weapons
 b - a +0 short sword
 f - a +0 dagger (weapon)
Armour
 a - a +1 robe (worn)
Jewellery
 e - a ring of positive energy (right hand)
 g - a ring of see invisible (left hand)
Scrolls
 d - a scroll of enchant armour
Potions
 i - a potion of degeneration
 j - 2 potions of curing
 k - a potion of might
Comestibles
 c - 5 rations
 h - 4 chunks of flesh


   Skills:
 + Level 0.8 Short Blades
 + Level 3.2 Dodging
 + Level 2.9 Stealth
 + Level 3.6 Spellcasting
 + Level 2.1 Conjurations
 + Level 4.1 Fire Magic


You had 7 spell levels left.
You knew the following spells:

 Your Spells              Type           Power        Failure   Level  Hunger
a - Flame Tongue          Conj/Fire      ###..        7%          1    None
c - Throw Flame           Conj/Fire      ###...       10%         2    ##.....

Your spell library contained the following spells:

 Spells                   Type           Power        Failure   Level  Hunger
 Conjure Flame            Conj/Fire      ###.....     17%         3    ###....
 Inner Flame              Hex/Fire       ##......     26%         3    ###....
 Sticky Flame             Conj/Fire      ###.....     45%         4    ####...
 Fireball                 Conj/Fire      ###.......   80%         5    ######.


Dungeon Overview and Level Annotations

Branches:
Dungeon (4/15)
 Temple: D:4-7

Altars:
Ru


Innate Abilities, Weirdness & Mutations

You possess an exceptional clarity of mind.
Your system is resistant to poisons. (rPois)
Your spells are a little harder to cast, but a little more powerful.


Message History

You climb upwards.
There is a stone staircase leading down here.
Casting: Flame Tongue (safe; 7% risk of failure)
Confirm with . or Enter, or press ? or * to list all spells.
Aiming: Flame Tongue (safe; 7% risk of failure)
Press: ? - help, Shift-Dir - straight line, f - scorpion
Aim: a scorpion The flame tongue hits the scorpion.
The scorpion is moderately wounded.
The orc hits you with a +0 flail. The scorpion stings you.
* * * LOW HITPOINT WARNING * * *
Casting: Flame Tongue (safe; 7% risk of failure)
Confirm with . or Enter, or press ? or * to list all spells.
Aiming: Flame Tongue (safe; 7% risk of failure)
Press: ? - help, Shift-Dir - straight line, f/p - scorpion
Aim: a scorpion (moderately wounded)
The flame tongue hits the scorpion but does no damage.
The scorpion is moderately wounded.
The orc hits you with a +0 flail!
You die...

#.##.......# #.#
#.##.##..#.# #..
#........#.# #.#
#........#.#####.#
#.##.##..........#
##.#..##..#########
#..######.########
#s.#...........#.#
#.@#.####.####.#.#
#o##.#.......#.#.#
#.##.#.##.##.#.#.##
#.##.#.#...#.#.#.##
#........_.......##
####.#.#...#.#.#..#
#.#.##.##.#.##.#
#####
#.#.......#.##.#
##...##
#.####.####.##.#


You could see a scorpion and an orc.

Vanquished Creatures
  2 adders
  3 worms
  A leopard gecko (D:1)
  An orc (D:3)
  2 giant cockroaches
  4 goblins
  7 hobgoblins
  6 jackals
  9 kobolds
  A quokka (D:3)
  6 bats
  4 frilled lizards
  4 rats
50 creatures vanquished.

Notes
Turn   | Place    | Note
-------+----------+-------------------------------------------
     0 | D:1      | IntelligentOne the Deep Elf Fire Elementalist began the
                  | quest for the Orb.
     0 | D:1      | Reached XP level 1. HP: 10/10 MP: 6/6
   317 | D:1      | Reached XP level 2. HP: 15/15 MP: 5/8
   558 | D:1      | Gained mutation: You possess an exceptional clarity of
                  | mind. [potion of mutation]
   558 | D:1      | Gained mutation: Your system is resistant to poisons.
                  | (rPois) [potion of mutation]
   558 | D:1      | Gained mutation: Your spells are a little harder to cast,
                  | but a little more powerful. [potion of mutation]
   943 | D:2      | Reached XP level 3. HP: 19/19 MP: 5/9
  1017 | D:2      | Learned a level 3 spell: Conjure Flame
  1037 | D:2      | Learned a level 2 spell: Throw Flame
  1091 | D:2      | Reached skill level 4 in Fire Magic
  2069 | D:3      | Reached XP level 4. HP: 24/24 MP: 6/11
  2118 | D:3      | Found a sacrificial altar of Ru.
  2510 | D:3      | Slain by an orc

Levels and vault maps discovered:
D:1:      dpeg_arrival_radiant, layout_loops_ring
D:2:      layout_rooms
D:3:      layout_loops_cross, nicolae_ru_sacrificial_ziggurat
D:4:      layout_basic, first_ration, minmay_bent

Skill      XL: |  1  2  3 |
---------------+----------+-----
Dodging        | 3 |  3.2
Fire Magic     | 4 |  4.1
Conjurations   | 2 |  2.1
Short Blades   | |  0.8
Stealth        | |  2.9
Spellcasting   | |  3.6

Action                   |  1- 3 |  4- 6 || total
-------------------------+-------+-------++-------
Melee: Dagger            |    18 |       ||    18
 Cast: Flame Tongue      |    60 |    15 ||    75
       Throw Flame       |    20 |     4 ||    24
  Use: Potion            |     7 |       ||     7
       Scroll            |     3 |       ||     3
  Eat: Chunk             |     4 |     2 ||     6
Armor: Robe              |     8 |     1 ||     9
Dodge: Dodged            |    21 |     9 ||    30

Table legend:
 A = Non-vault XP
 B = Vault XP
 C = Vault XP percentage of total XP
 D = Non-vault monster count
 E = Vault monster count
 F = Vault count percentage of total count
                 A         B        C        D         E       F
            +---------+---------+-------+---------+---------+-------
      Total |     118 |       0 |   0.0 |      50 |       0 |   0.0
            +---------+---------+-------+---------+---------+-------
        D:1 |      32 |       0 |   0.0 |      19 |       0 |   0.0
        D:2 |      44 |       0 |   0.0 |      16 |       0 |   0.0
        D:3 |      34 |       0 |   0.0 |      11 |       0 |   0.0
        D:4 |       8 |       0 |   0.0 |       4 |       0 |   0.0
            +---------+---------+-------+---------+---------+-------
